 Dungeon Crawl Stone Soup version 0.23-a0-175-g97aacdb (webtiles) character file.

1218 Gildeon the Conjurer (level 8, -7/61 HPs)
             Began as a Demigod Conjurer on Sept 16, 2018.
             Mangled by an orc warrior
             ... wielding a +0 scimitar
              (17 damage)
             ... on level 6 of the Dungeon.
             The game lasted 00:38:41 (6453 turns).

Gildeon the Conjurer (Demigod Conjurer)             Turns: 6453, Time: 00:38:42

Health: -7/61      AC:  4    Str: 11    XL:     8   Next: 2%
Magic:  10/19      EV: 13    Int: 23    God:
Gold:   412        SH:  0    Dex: 16    Spells: 3/17 levels left

rFire    . . .     SeeInvis +   i - +1 dagger (drain)
rCold    + . .     Gourm    .   (no shield)
rNeg     . . .     Faith    .   a - +1 robe
rPois    .         Spirit   .   (no helmet)
rElec    .         Reflect  .   (no cloak)
rCorr    .         Harm     .   t - +0 pair of gloves
MR       .....                  (no boots)
Stlth    ++........             (no amulet)
HPRegen  0.20/turn              u - ring of protection from cold
MPRegen  0.16/turn              f - ring of see invisible

@: no status effects
A: high mp 1
a: no special abilities


You were on level 6 of the Dungeon.
You were not hungry.

You visited 2 branches of the dungeon, and saw 7 of its levels.

You collected 412 gold pieces.

Inventory:

Hand Weapons
 i - a +1 dagger of draining (weapon)
Armour
 a - a +1 robe (worn)
 e - a +0 leather armour
 l - a +0 ring mail
 t - a +0 pair of gloves (worn)
 v - a cursed +0 ring mail
 y - the +1 ring mail "Ylawn" {MR++ rCorr, unknown}
   (You found it on level 5 of the Dungeon)

   It affects your resistance to hostile enchantments.
   It provides partial protection from all sources of acid and corrosion.
Jewellery
 f - a ring of see invisible (right hand)
 o - an uncursed ring of flight
 u - a ring of protection from cold (left hand)
Wands
 r - a wand of iceblast (10)
 A - a wand of acid (7)
 C - a wand of digging (10)
Scrolls
 b - 6 scrolls of teleportation
 k - 3 scrolls of enchant armour
 m - 4 scrolls of remove curse
Potions
 d - a potion of lignification
 g - 2 potions of ambrosia {unknown}
 h - 2 potions of brilliance {unknown}
 j - 2 potions of curing
 n - 2 potions of haste {unknown}
 p - a potion of magic {unknown}
 q - 2 potions of resistance {unknown}
 s - 2 potions of heal wounds {unknown}
 w - a potion of berserk rage {unknown}
 x - a potion of mutation {unknown}
 z - a potion of agility {unknown}
Comestibles
 c - 15 rations


   Skills:
 - Level 2.0 Fighting
 - Level 2.0 Short Blades
 - Level 2.1 Armour
 - Level 2.0 Dodging
 + Level 2.5 Stealth
 - Level 5.0 Spellcasting
 + Level 6.4 Conjurations
 + Level 0.0 Hexes
 - Level 2.0 Evocations


You had 3 spell levels left.
You knew the following spells:

 Your Spells              Type           Power        Failure   Level  Hunger
a - Magic Dart            Conj           ####         1%          1    None
b - Searing Ray           Conj           #####.       1%          2    None
c - Dazzling Spray        Conj/Hex       ###...       8%          3    ##.....
d - Iskenderun's Mystic   Conj           #####...     7%          4    ####...
e - Fulminant Prism       Conj/Hex       ###.......   26%         4    ####...

Your spell library contained the following spells:

 Spells                   Type           Power        Failure   Level  Hunger
 Corona                   Hex            #......      10%         1    None
 Slow                     Hex            #.......     14%         2    None
 Inner Flame              Hex/Fire       #.......     28%         3    ##.....
 Portal Projectile        Hex/Tloc       #.....       28%         3    ##.....
 Force Lance              Conj/Tloc      ###.....     26%         4    ####...
 Cause Fear               Hex            #.........   67%         4    ####...
 Leda's Liquefaction      Hex/Erth       #.........   67%         4    ####...


Dungeon Overview and Level Annotations

Branches:
Dungeon (6/15)             Temple (1/1) D:6


Innate Abilities, Weirdness & Mutations

You have an increased reservoir of magic. (+10% MP)


Message History

Casting: Searing Ray (safe; 1% risk of failure)
Confirm with . or Enter, or press ? or * to list all spells.
Aiming: Searing Ray (safe; 1% risk of failure)
Press: ? - help, Shift-Dir - straight line, f/p - orc warrior
Aim: an orc warrior, wielding a scimitar and wearing a plate armour (heavily The searing ray hits the orc warrior.
The orc warrior is heavily wounded. (Press . to maintain the ray.)
The searing ray hits the orc warrior.
The orc warrior is heavily wounded.
The orc warrior hits you with a scimitar!
* * * LOW HITPOINT WARNING * * *
The searing ray hits the orc warrior.
The orc warrior is almost dead.
The orc warrior closely misses you.
The searing ray misses the orc warrior.
The searing ray hits the orc.
You kill the orc!
You finish channeling your searing ray.
The orc warrior hits you with a scimitar!
You die...

#.###....# #...#.# #.# #.###....#
. ###.#.# #.# ...##.[..###
.#####.#.# ##'#
._.........####.........# ##..≈
...##..#.##888##........# ##..♣♣
#.###.....8...8#.####.#.# ##.≈≈♣≈
#.###....#8.>.8#.###....###..≈≈≈≈
..........8...8(..........+......
.........##8.8##@##..#..###......
..#####.##...#.#o##.....# ##...♣.
### #........#)##.###.# ##..♣≈ #
####.#####."($....# ##..♣ #.#
####.##### ##+# #.# #/# #
#########.# #.# #.........# #).
##.######### #.#


You could see an orc warrior.

Vanquished Creatures
  A sky beast (D:5)
  2 ice beasts (D:6)
  An orc warrior (D:6)
  Blork the orc (D:6)
  2 bullfrogs (D:6)
  A howler monkey (D:5)
  3 crimson imps
  2 orc priests
  A hound (D:4)
  An iron imp (D:5)
  An iguana (D:5)
  4 orc wizards
  A worker ant (D:6)
  A worker ant zombie (D:5)
  7 gnolls (D:3)
  9 adders
  A shadow imp (D:5)
  An ooze (D:3)
  A worm (D:5)
  3 leopard geckos
  13 orcs
  7 giant cockroaches
  9 goblins
  5 hobgoblins
  6 jackals
  3 quokkas
  A bat (D:2)
  3 frilled lizards
  3 kobolds
  A leopard gecko skeleton (D:4)
  A leopard gecko zombie (D:5)
  A quokka skeleton (D:4)
  3 rats
100 creatures vanquished.

Notes
Turn   | Place    | Note
-------+----------+-------------------------------------------
     0 | D:1      | Gildeon the Demigod Conjurer began the quest for the Orb.
     0 | D:1      | Reached XP level 1. HP: 14/14 MP: 5/5
   432 | D:1      | Reached XP level 2. HP: 20/20 MP: 7/7
   452 | D:1      | Learned a level 2 spell: Searing Ray
   985 | D:2      | Found a blossoming altar of Fedhas.
  1076 | D:2      | Reached skill level 4 in Conjurations
  1080 | D:2      | Found an ornate altar of the Wu Jian Council.
  1200 | D:2      | Reached XP level 3. HP: 11/27 MP: 1/9
  1209 | D:2      | Reached skill level 1 in Fighting
  1470 | D:2      | Reached XP level 4. HP: 23/35 MP: 0/10
  1631 | D:2      | Learned a level 3 spell: Dazzling Spray
  2704 | D:3      | Reached XP level 5. HP: 41/41 MP: 9/12
  2715 | D:3      | Learned a level 4 spell: Iskenderun's Mystic Blast
  3409 | D:4      | Reached skill level 1 in Short Blades
  3854 | D:5      | Entered Level 5 of the Dungeon
  3927 | D:5      | Noticed a sky beast
  3938 | D:5      | Killed a sky beast
  3938 | D:5      | Reached skill level 5 in Conjurations
  3938 | D:5      | Reached XP level 6. HP: 48/48 MP: 9/14
  3976 | D:5      | Found a snail-covered altar of Cheibriados.
  4416 | D:5      | Reached skill level 1 in Evocations
  4722 | D:5      | Got a dazzling ring mail
  4994 | D:6      | Found a glowing golden altar of the Shining One.
  5031 | D:6      | Reached XP level 7. HP: 55/55 MP: 4/16
  5044 | D:6      | Learned a level 4 spell: Fulminant Prism
  5118 | D:6      | Found a staircase to the Ecumenical Temple.
  5135 | Temple   | Entered the Ecumenical Temple
  5643 | D:6      | Reached skill level 1 in Armour
  5654 | D:6      | Reached skill level 6 in Conjurations
  5733 | D:6      | Found an iron altar of Okawaru.
  5832 | D:6      | Found a hazy altar of Hepliaklqana.
  6210 | D:6      | Noticed Blork the orc
  6221 | D:6      | Killed Blork the orc
  6221 | D:6      | Reached skill level 5 in Spellcasting
  6221 | D:6      | Reached XP level 8. HP: 54/61 MP: 6/19
  6453 | D:6      | Mangled by an orc warrior

Vault maps used:
D:1:      lemuel_arrival_broad_hall
D:2:      overflow_temple_1_default, fedhas_altar_2,
          minmay_misc_feat_secret_circle
D:4:      first_ration, minmay_divided_ellipse
D:5:      slow_altar_1
D:6:      nicolae_overflow_crystal_walls, kennysheep_mini_moat,
          kennysheep_okawaru_gauntlet, minmay_temple_entry_statues,
          minmay_misc_feat_x, serial_bayou_ford_a, hex_tiny, uniq_blork_the_orc
Temple:   minmay_temple_forest_path

Skill      XL: |  1  2  3  4  5  6  7 |
---------------+----------------------+-----
Dodging        | 2 |  2.0
Spellcasting   | 2 3 4 5 |  5.0
Stealth        | 2 |  2.5
Conjurations   | 4 5 6 |  6.4
Fighting       | 1 2 |  2.0
Short Blades   | 1 2 |  2.0
Evocations     | 1 2 |  2.0
Armour         | 2 |  2.1

Action                   |  1- 3 |  4- 6 |  7- 9 || total
-------------------------+-------+-------+-------++-------
Melee: Dagger            |    91 |    54 |    38 ||   183
       Unarmed           |     1 |       |       ||     1
 Cast: Magic Dart        |    57 |   111 |    41 ||   209
       Searing Ray       |       |     8 |     8 ||    16
       Iskenderun's Myst |       |       |     1 ||     1
  Use: Scroll            |     3 |     8 |       ||    11
 Stab: Sleeping          |     2 |     4 |     2 ||     8
  Eat: Ration            |     1 |     1 |     1 ||     3
       Chunk             |       |     6 |     2 ||     8
Armor: Robe              |    18 |    18 |     6 ||    42
Dodge: Dodged            |    57 |    61 |    44 ||   162

Table legend:
 A = Non-vault XP
 B = Vault XP
 C = Vault XP percentage of total XP
 D = Non-vault monster count
 E = Vault monster count
 F = Vault count percentage of total count
                 A         B        C        D         E       F
            +---------+---------+-------+---------+---------+-------
      Total |    1461 |     279 |  16.0 |      88 |      12 |  12.0
            +---------+---------+-------+---------+---------+-------
        D:1 |      24 |       0 |   0.0 |      13 |       0 |   0.0
        D:2 |     106 |       0 |   0.0 |      16 |       0 |   0.0
        D:3 |     108 |       0 |   0.0 |      11 |       0 |   0.0
        D:4 |       3 |     146 |  98.0 |       2 |       8 |  80.0
        D:5 |     353 |      39 |   9.9 |      18 |       1 |   5.3
        D:6 |     867 |      94 |   9.8 |      28 |       3 |   9.7
            +---------+---------+-------+---------+---------+-------
